 Dungeon Crawl Stone Soup version 0.18.1-48-g4cf74bf (webtiles) character file.

998 Enzo the Skirmisher (level 8, -3/61 HPs)
             Began as a Mummy Fighter on July 16, 2016.
             Killed from afar by an orc wizard (13 damage)
             ... with a puff of flame
             ... on level 6 of the Dungeon.
             The game lasted 00:25:01 (4554 turns).

Enzo the Skirmisher (Mummy Fighter)                 Turns: 4554, Time: 00:25:02

Health: -3/61      AC: 12    Str: 21    XL:     8   Next: 0%
Magic:  8/8        EV:  6    Int:  8    God:
Gold:   292        SH:  9    Dex: 11    Spells: 0 memorised, 7 levels left

rFire  x . .     SeeInvis .     a - +0 war axe
rCold  + . .     Gourm    .     r - +0 chain mail
rNeg   + + +     Faith    .     c - +0 shield
rPois  ∞         Spirit   .     (no helmet)
rElec  .         Dismiss  .     w - +0 cloak
rCorr  .         Reflect  .     p - +0 pair of gloves
SustAt +         Harm     .     h - +0 pair of boots
MR     ++...                    u - amulet of magic regeneration
Stlth  ..........               n - ring of sustain attributes
                                y - ring of protection from magic

@: very resistant to hostile enchantments, extremely unstealthy
A: no food or potions, fire vulnerability, cold resistance 1, negative energy
resistance 3, torment resistance, unbreathing
a: no special abilities


You were on level 6 of the Dungeon.
You were not hungry.

You visited 1 branch of the dungeon, and saw 6 of its levels.

You collected 292 gold pieces.

Inventory:

Hand Weapons
 a - a +0 war axe (weapon)
Missiles
 m - 4 javelins (quivered)
Armour
 c - a +0 shield (worn)
 h - a +0 pair of boots (worn)
 p - a +0 pair of gloves (worn)
 r - a +0 chain mail (worn)
 w - a +0 cloak (worn)
Jewellery
 k - an uncursed ring of resist corrosion
 n - a ring of sustain attributes (right hand)
 q - an uncursed ring of ice
 u - an amulet of magic regeneration (around neck)
 y - a ring of protection from magic (left hand)
Wands
 s - a wand of paralysis (4/24)
 t - a wand of flame (36/48)
Scrolls
 b - a scroll of recharging {unknown}
 d - 4 scrolls of remove curse
 e - 2 scrolls of enchant armour {unknown}
 f - a scroll of enchant weapon {unknown}
 g - a scroll of identify
 i - 3 scrolls of fog {unknown}
 j - 3 scrolls of noise
 o - a scroll of teleportation {unknown}
 x - a scroll of amnesia {unknown}
Books
 l - a book of Beasts

   Spells                             Type                      Level
   a - Summon Butterflies             Summoning                    1
   b - Call Canine Familiar           Summoning                    3
   c - Summon Ice Beast               Ice/Summoning                4
   d - Summon Mana Viper              Hexes/Summoning              5
   e - Summon Hydra                   Summoning                    7
 v - a book of the Dragon

   Spells                             Type                      Level
   a - Flame Tongue                   Conjuration/Fire             1
   b - Cause Fear                     Hexes                        4
   c - Bolt of Fire                   Conjuration/Fire             6
   d - Dragon Form                    Transmutation                7
   e - Dragon's Call                  Summoning                    9


   Skills:
 + Level 4.7 Fighting
 + Level 4.0 Axes
 + Level 0.4 Throwing
 + Level 3.8 Armour
 + Level 2.6 Dodging
 + Level 0.6 Stealth
 + Level 4.5 Shields


You had 7 spell levels left.
You didn't know any spells.

Dungeon Overview and Level Annotations

Branches:
Dungeon (6/15)
 Temple: D:4-7

Altars:
Ashenzari
Cheibriados
Kikubaaqudgha
Sif Muna
Vehumet
Yredelemnul
Zin

Annotations:
D:5 Fly


Innate Abilities, Weirdness & Mutations

You do not eat or drink.
Your flesh is vulnerable to fire.
You are immune to poison.
Your flesh is cold resistant.
You are immune to negative energy.
You are immune to unholy pain and torment.
You can survive without breathing.


Message History

The orc wizard gestures at you while chanting.
The puff of flame hits you! The fire burns you terribly!
* * * LOW HITPOINT WARNING * * *
The orc wizard casts a spell at you. The puff of frost hits you! You resist.
* * * LOW HITPOINT WARNING * * *
The orc wizard barely misses you.
The orc wizard hits you but does no damage.
You closely miss the orc wizard.
The orc wizard is heavily wounded.
The orc wizard hits you but does no damage.
Read which item? (? for menu, Esc to quit)
As you read the scroll labeled HUDDID VUISO, it crumbles to dust.
You hear a loud clanging noise!
It was a scroll of noise.
You hear a shout! x2
There is an open door here.
The orc wizard gestures at you while chanting.
The puff of flame hits you! The fire burns you terribly!
You die...

...# ##### #.# # ##'###
#...# #.# # .....#
#...###o###### ######
.....# #...#.o......#
#..... .....#
#...#........# #.$...
##.#########...#........#
#.....
#.............#oo......#
#.....
#.............#........#
#.....
#...........###@.......#
#.....
#...........###........#
#.....
#.....................##
#.....
#...........###########
#############


You could see an orc warrior, an orc wizard and 2 orcs.

Vanquished Creatures
  The ghost of cheese the Skirmisher, an amateur HuMo (D:3)
  2 ogres
  A scorpion (D:5)
  A crimson imp (D:5)
  2 hounds (D:4)
  A centaur skeleton (D:4)
  A jelly (D:5)
  2 orc priests
  2 orc wizards
  An iguana (D:5)
  2 worker ants (D:4)
  2 hound skeletons
  A howler monkey zombie (D:5)
  7 gnolls
  7 adders
  3 oozes
  2 worms
  5 dart slugs
  6 giant geckos
  6 orcs
  A ball python (D:2)
  6 bats
  4 giant cockroaches
  5 goblins
  10 hobgoblins
  13 jackals
  8 kobolds
  3 quokkas
  2 giant gecko skeletons
  4 giant newts
  10 rats
121 creatures vanquished.

Notes
Turn   | Place    | Note
--------------------------------------------------------------
     0 | D:1      | Enzo the Mummy Fighter began the quest for the Orb.
     0 | D:1      | Reached XP level 1. HP: 18/18 MP: 1/1
   299 | D:1      | Reached XP level 2. HP: 24/24 MP: 2/2
   560 | D:1      | Reached XP level 3. HP: 29/29 MP: 3/3
  1097 | D:2      | Reached skill level 1 in Dodging
  1097 | D:2      | Reached XP level 4. HP: 7/35 MP: 4/4
  2221 | D:3      | Found a basalt altar of Yredelemnul.
  2240 | D:3      | Found a glowing silver altar of Zin.
  2245 | D:3      | Found a radiant altar of Vehumet.
  2249 | D:3      | Found a snail-covered altar of Cheibriados.
  2316 | D:3      | Reached XP level 5. HP: 40/41 MP: 5/5
  2443 | D:3      | Found a faded altar to an unknown god.
  2526 | D:3      | Noticed cheese's ghost (amateur HuMo)
  2575 | D:3      | Killed cheese's ghost
  2575 | D:3      | Reached XP level 6. HP: 18/48 MP: 6/6
  3003 | D:3      | Found an ancient bone altar of Kikubaaqudgha.
  3221 | D:4      | Found a deep blue altar of Sif Muna.
  3270 | D:4      | Reached XP level 7. HP: 54/54 MP: 7/7
  3494 | D:5      | Entered Level 5 of the Dungeon
  4199 | D:6      | Found a shattered altar of Ashenzari.
  4527 | D:6      | Reached XP level 8. HP: 19/61 MP: 8/8
  4554 | D:6      | Killed from afar by an orc wizard

Skill      XL: |  1  2  3  4  5  6  7 |
---------------+----------------------+-----
Axes           | 2 3 4 |  4.0
Dodging        | 1 2 |  2.6
Shields        | 3 4 |  4.5
Armour         | 3 |  3.8
Fighting       | 4 |  4.7
Throwing       | |  0.4
Stealth        | |  0.6

Action                   |  1- 3 |  4- 6 |  7- 9 || total
-------------------------+-------+-------+-------++-------
Melee: War axe           |   169 |   163 |   176 ||   508
Throw: Javelin           |       |     5 |       ||     5
  Use: Scroll            |       |     4 |     2 ||     6
Armor: Scale mail        |    96 |    57 |       ||   153
       Chain mail        |       |     5 |   103 ||   108
Dodge: Dodged            |    83 |    42 |    53 ||   178
Block: Shield            |    94 |   105 |   102 ||   301
